 Dungeon Crawl Stone Soup version 0.27.1-35-g4d5d836560 (webtiles) character file.

Game seed: 13857838992944597254

363 Delamore the Sneak (level 6, 0/39 HPs)
             Began as an Octopode Brigand on Apr 26, 2022.
             Was an Initiate of Gozag.
             Slain by a sky beast (5 damage)
             ... on level 5 of the Dungeon.
             The game lasted 00:03:02 (4516 turns).

Delamore the Sneak (Octopode Brigand)               Turns: 4516, Time: 00:03:02

Health: 0/39       AC:  1    Str: 11    XL:     6   Next: 67%
Magic:  6/6        EV: 12    Int: 13    God:    Gozag
Gold:   98         SH:  0    Dex: 15    Spells: 5/5 levels left

rFire    . . .     SeeInvis .   a - +2 dagger
rCold    . . .     Faith    .   (no shield)
rNeg     . . .     Spirit   .   (helmet restricted)
rPois    .         Reflect  .   (no amulet)
rElec    .         Harm     .   f - ring of willpower
rCorr    .         Rampage  .   (no ring)
Will     +....                  (no ring)
Stlth    +++++.....             (no ring)
HPRegen  0.13/turn              (no ring)
MPRegen  0.10/turn              (no ring)
                                (no ring)
                                (no ring)

@: no status effects
A: almost no armour, amphibious, 8 rings, camouflage 1, gelatinous body 1,
(nimble swimmer 1), tentacles
a: Renounce Religion, Potion Petition, Call Merchant, Bribe Branch


You were on level 5 of the Dungeon.
You worshipped Gozag.
Gozag was noncommittal.
You visited 2 branches of the dungeon, and saw 6 of its levels.

You collected 124 gold pieces.
You paid 26 gold pieces to Gozag.

Inventory:

Hand Weapons
 a - a +2 dagger (weapon)
Missiles
 b - 18 poisoned darts
 c - a curare-tipped dart (quivered)
 d - a throwing net
Jewellery
 f - a ring of willpower (left tentacle)
Wands
 j - a wand of flame (26)
 n - a wand of iceblast (10)
Scrolls
 g - 3 scrolls of teleportation
 k - a scroll of magic mapping
 l - a scroll of summoning
Potions
 e - 2 potions of flight
 h - a potion of degeneration
 i - a potion of lignification {unknown}


   Skills:
 - Level 2.0 Fighting
 * Level 5.7 Short Blades
 - Level 2.0 Throwing
 - Level 1.0 Dodging
 + Level 7.6 Stealth


You had 5 spell levels left.
You didn't know any spells.
Your spell library contained the following spells:

 Spells                   Type           Power      Damage    Failure   Level
 Foxfire                  Conj/Fire      0%         2x1d4     30%         1
 Pain                     Necr           0%         1d4       30%         1
 Shock                    Conj/Air       0%         1d3       30%         1
 Sublimation of Blood     Necr           0%         N/A       43%         2
 Wereblood                Tmut           0%         N/A       43%         2
 Conjure Flame            Conj/Fire      0%         6-21      67%         3
 Inner Flame              Hex/Fire       0%         N/A       67%         3
 Swiftness                Air            0%         N/A       67%         3
 Airstrike                Air            0%         N/A       97%         4
 Agony                    Necr           0%         N/A       100%        5
 Excruciating Wounds      Necr           0%         N/A       100%        5
 Summon Hydra             Summ           0%         N/A       100%        7


Dungeon Overview and Level Annotations

Branches:
Dungeon (5/15)             Temple (1/1) D:4

Altars:
Ashenzari
Dithmenos
Gozag
Hepliaklqana
Nemelex Xobeh
Sif Muna
Trog
Xom


Innate Abilities, Weirdness & Mutations

You cannot wear most types of armour.
You are amphibious.
You can wear up to eight rings at the same time.
Your skin changes colour to match your surroundings (Stealth+).
Your rubbery body absorbs attacks. (AC +1, EV +1)
((You are camouflaged near water. (Stealth+)))
You have tentacles for arms and can constrict up to eight enemies at once.


Message History

You hit the sky beast but do no damage. The sky beast hits you.
The sky beast shocks you.
Aiming: Throw Flame
Press: ? - help, Shift-Dir - straight line, f - sky beast
Aim: a sky beast (rain, 56% to hit)
The puff of flame misses the sky beast.
The sky beast hits you. The sky beast shocks you.
Throw: 2 darts (curare)
Press: ? - help, Q - select action, (/) - cycle Shift-Dir - straight line, f/p - sky beast
Aim: a sky beast (50% to hit)
You throw a curare-tipped dart.
The curare-tipped dart hits the sky beast.
The sky beast is poisoned.
The sky beast convulses.
The sky beast seems to slow down.
The sky beast is moderately wounded.
You hit the sky beast.
The sky beast is moderately wounded.
The sky beast barely misses you.
You hit the sky beast. You squeeze the sky beast.
The sky beast is severely wounded.
You hit the sky beast.
The sky beast is severely wounded.
The sky beast closely misses you.
You barely miss the sky beast.
The sky beast is severely wounded.
You closely miss the sky beast.
The sky beast is almost dead.
The sky beast hits you.
* * * LOW HITPOINT WARNING * * *
The sky beast shocks you.
* * * LOW HITPOINT WARNING * * *
You barely miss the sky beast. Your squeeze misses the sky beast.
The sky beast is almost dead.
You hit the sky beast but do no damage.
The sky beast is almost dead.
The sky beast flickers out of sight!
Deactivating autopickup; reactivate with Ctrl-A.
Something hits you.
You die...
Your body crumbles into a pile of gold.

#$# #(# #
#.###.###.
##$.$......
##..$#######
###.....#
#...$...#
#.#.....#
#.##{@.## #
###.# #.#
#.# #.# #.#
#.# #.# #.#


There were no monsters in sight!

Vanquished Creatures
  A phantom (D:5)
  A scorpion (D:3)
  A bullfrog zombie (D:5)
  A bullfrog skeleton (D:4)
  An iguana (D:4)
  Ijyb (D:4)
  4 adders
  An adder skeleton (D:4)
  A worm (D:2)
  A dart slug (D:4)
  5 orcs
  10 endoplasms
  4 giant cockroaches
  8 goblins
  7 hobgoblins
  3 kobolds
  A quokka (D:2)
  5 ball pythons
  3 bats
  2 frilled lizards
  7 rats
68 creatures vanquished.

Notes
Turn   | Place    | Note
-------+----------+-------------------------------------------
     0 | D:1      | Delamore the Octopode Brigand began the quest for the Orb.
     0 | D:1      | Reached XP level 1. HP: 14/14 MP: 1/1
   294 | D:1      | Reached XP level 2. HP: 17/19 MP: 2/2
  1138 | D:2      | Found a faded altar of an unknown god.
  1141 | D:2      | Reached XP level 3. HP: 24/24 MP: 3/3
  1829 | D:2      | Reached skill level 6 in Stealth
  2317 | D:3      | Reached XP level 4. HP: 15/29 MP: 4/4
  2593 | D:3      | Noticed a scorpion
  2600 | D:3      | Killed a scorpion
  2601 | D:3      | Reached XP level 5. HP: 34/34 MP: 5/5
  3443 | D:4      | Noticed Ijyb
  3456 | D:4      | Killed Ijyb
  3457 | D:4      | Reached skill level 5 in Short Blades
  3457 | D:4      | Reached skill level 7 in Stealth
  3623 | D:4      | Found a staircase to the Ecumenical Temple.
  3710 | D:4      | Found a broken altar of Ashenzari.
  3750 | Temple   | Entered the Ecumenical Temple
  3764 | Temple   | Became a worshipper of Gozag Ym Sagoz the Greedy
  3857 | D:4      | Reached XP level 6. HP: 39/39 MP: 6/6
  4115 | D:5      | Entered Level 5 of the Dungeon
  4350 | D:5      | Noticed a sky beast
  4516 | D:5      | Slain by a sky beast

Illustrated notes

Levels and vault maps discovered:
D:1:      dpeg_arrival_simpleton_a, layout_loops_corners, kennysheep_boxes
D:2:      layout_basic, ebering_ecumenical_altar_webs, dk_noncrumbling_4
D:3:      layout_loops_ring, kennysheep_donut
D:4:      layout_loops_ring, general_overflow_altar, temple_fountains, uniq_ijyb
D:5:      layout_loops_ring, wad_rectangle_vault, uniq_crazy_yiuf_cottage
Temple:   eino_temple_rhombus

Skill      XL: |  1  2  3  4  5 |
---------------+----------------+-----
Short Blades   | 3 4 5 |  5.7
Stealth        | 6 7 |  7.6
Fighting       | |  2.0
Throwing       | |  2.0
Dodging        | |  1.0

Action                   |  1- 3 |  4- 6 || total
-------------------------+-------+-------++-------
Melee: Dagger            |    61 |    88 ||   149
       Constrict         |    13 |    13 ||    26
       Tentacles         |    11 |    15 ||    26
Throw: Dart              |     2 |     8 ||    10
Evoke: Wand              |       |     3 ||     3
  Use: Scroll            |     1 |     4 ||     5
 Stab: Sleeping          |    17 |     9 ||    26
Armor: Skin              |     3 |     4 ||     7
Dodge: Dodged            |    18 |    29 ||    47
